 Dungeon Crawl Stone Soup version 0.30.1-11-g7821555f0a (webtiles) character file.

Game seed: 9227911243136799820

31 rumournova the Trooper (level 3, 0/33 HPs)
             Began as a Draconian Monk on Nov 24, 2023.
             Slain by Crazy Yiuf
             ... wielding a +4 quarterstaff of chaos
              (20 damage)
             ... on level 2 of the Dungeon.
             The game lasted 00:02:36 (1258 turns).

rumournova the Trooper (Draconian Monk)             Turns: 1258, Time: 00:02:37

Health: 0/33       AC:  5    Str: 15    XL:     3   Next: 7%
Magic:  3/3        EV: 13    Int: 10    God:
Gold:   72         SH:  0    Dex: 13    Spells: 2/2 levels left

rFire   . . .        h - +1 hammer (protect)
rCold   . . .        c - orb {light}
rNeg    . . .        (body armour unavailable)
rPois   .            (helmet restricted)
rElec   .            (no cloak)
rCorr   .            (no gloves)
SInv    .            (no boots)
Will    .....        (no amulet)
Stlth   +            (no ring)
HPRegen 0.25/turn    (no ring)
MPRegen 0.08/turn

%: no passive effects
@: glowing
A: AC +5, unfitting armour, cold-blooded
a: no special abilities


You were on level 2 of the Dungeon.
You visited 1 branch of the dungeon, and saw 2 of its levels.

You collected 72 gold pieces.

Inventory:

Hand Weapons
 a - a +0 hand axe
 h - a +1 hammer of protection (weapon)
Armour
 c - an orb of light (worn)
Scrolls
 d - 3 scrolls of identify {unknown}
 e - a scroll of poison {unknown}
 f - a scroll of amnesia {unknown}
Potions
 b - a potion of ambrosia
 g - a potion of heal wounds {unknown}


   Skills:
 + Level 3.7 Fighting
 + Level 3.5 Axes
 + Level 3.1 Dodging


You had 2 spell levels left.
You didn't know any spells.
Your spell library was empty.

Dungeon Overview and Level Annotations

Branches:
Dungeon (2/15)

Altars:

Annotations:
D:2 Crazy Yiuf


Innate Abilities, Weirdness & Mutations

Your plain brown scales are hard. (AC +5)
You cannot fit into any form of body armour.
You are cold-blooded and may be slowed by cold attacks.


Message History

An endoplasm is nearby!
You hit the endoplasm.
You kill the endoplasm!
There is a stone staircase leading down here.
There is a stone staircase leading down here.
A quokka comes into view.
The quokka misses you. The quokka barely misses you.
You hit the quokka.
You kill the quokka!
You now have 72 gold pieces (gained 10).
d - 3 scrolls labelled UCKOIH PIME (gained 1)
Found a hammer.
You see here a +1 hammer of protection.
Found a hammer.
You see here a +0 hammer.
You see here a +1 hammer of protection.
You see here a +0 hammer.
You see here a +1 hammer of protection.
Your +1 hammer of protection hums with potential!
h - a +1 hammer of protection (weapon)
You see here a +0 hammer.
Found five hammers, a translucent hammer and a crystal hammer.
Found a runed translucent door.
You see here a +0 hammer.
Found a hammer.
Crazy Yiuf shouts!
You see here a +0 hammer.
Crazy Yiuf yells, "Proton fast poople!"
You see here the +8 hammer of the Candle {flame, rC++ rN+++ Dex-5}.
Okay, then.
Found three hammers.
You see here a +0 hammer.
You open the door. You barely miss Crazy Yiuf.
Crazy Yiuf screams, "Cholesterol action hog!"
Crazy Yiuf hits you with a +4 quarterstaff of chaos!
You are electrocuted!!
Ouch! That really hurt!
You die...

#.##.#.#.....# #.##
#.##.#
#.##.#.##.#### ###
#.##.# ..<#.#.##.#
#.##.# #.##.#.##.#
##### ####.##^#
...#.#.#..## #).)#
#....##.#
####.#.#...# #)))#
#.......#
.....#...### )))
#########
###.###....# #g#
#.# #.#### ♣♣@♣ #.#
#.#### ♣)♣♣ #.#
#....# ♣♣)♣
###.######## ♣)♣♣
......# ♣♣)♣♣
###.#.# ♣...♣♣
#.#.# ♣....♣
#.#.###### #....#
###.#......###....#


You could see Crazy Yiuf.

Vanquished Creatures
  A dart slug (D:1)
  3 bats
  5 endoplasms
  A goblin (D:1)
  4 hobgoblins
  3 quokkas
  2 ball pythons
  2 frilled lizards (D:1)
  2 kobolds
  3 rats (D:1)
26 creatures vanquished.

Notes
Turn   | Place    | Note
-------+----------+-------------------------------------------
     0 | D:1      | rumournova the Draconian Monk began the quest for the Orb.
     0 | D:1      | Reached XP level 1. HP: 19/19 MP: 1/1
   197 | D:1      | Reached XP level 2. HP: 21/26 MP: 2/2
  1014 | D:2      | Reached XP level 3. HP: 28/33 MP: 3/3
  1253 | D:2      | Found a runed translucent door.
  1254 | D:2      | Noticed Crazy Yiuf
  1255 | D:2      | Identified the +8 hammer of the Candle {flame, rC++ rN+++
                  | Dex-5}
  1258 | D:2      | Slain by Crazy Yiuf

Illustrated notes

Levels and vault maps discovered:
D:1:      minmay_arrival_nine_rooms, layout_basic
D:2:      layout_loops_ring, serial_co_window_serial, co_window_paths_b,
          co_window_of_opportunity_a, co_window_corner_a, co_window_paths_a,
          co_window_paths_b, co_window_paths_a, co_window_paths_b,
          co_window_2corner, co_window_corner_cb, co_window_2corner,
          glass_columns_a, glass_columns_a, hangedman_decor_growths,
          uniq_crazy_yiuf_cottage

Skill      XL: |  1  2 |
---------------+-------+-----
Dodging        | 3 |  3.1
Fighting       | |  3.7
Axes           | |  3.5

Action                     || total
---------------------------++-------
  Melee: Hand axe          ||    56
         Tailslap          ||     3
         Mace              ||     1
 Armour: Skin              ||    14
  Dodge: Dodged            ||    35
